 Dungeon Crawl Stone Soup version 0.31.0-12-g77e489cdc1 (webtiles) character file.

Game seed: 15111469473941987964

10129 PriceMaster the Reanimator (level 11, -3/84 HPs)
             Began as a Demonspawn Necromancer on Mar 1, 2024.
             Slain by a cyclops (50 damage)
             ... on level 11 of the Dungeon.
             The game lasted 00:26:46 (11689 turns).

PriceMaster the Reanimator (DsNe)                  Turns: 11689, Time: 00:26:47

Health: -3/84      AC: 10    Str: 10    XL:     11   Next: 32%
Magic:  0/22       EV: 12    Int: 18    God:
Gold:   494        SH:  4    Dex: 17    Spells: 6/25 levels left

rFire   . . .        i - +3 whip (venom)
rCold   . . .        u - orb {mayhem}
rNeg    . . .        m - +1 leather armour of the Forest {Harm rElec Dex+3}
rPois   .            d - +2 hood of the Assassin {Detect Stab+ Stlth++}
rElec   +            (no cloak)
rCorr   .            (no gloves)
SInv    +            (no boots)
Will    .....        y - amulet of guardian spirit
Stlth   +++++        r - ring of see invisible
HPRegen 0.34/turn    s - +4 ring of protection
MPRegen 0.18/turn

%: harm (+30% outgoing, +20% incoming), mayhem, guardian spirit
@: no status effects
A: antennae 2, spiny 1, demonic magic 1, weakness stinger 2, large bone plates
1, subdued magic 1
a: no special abilities


You were on level 11 of the Dungeon.
You visited 1 branch of the dungeon, and saw 10 of its levels.

You collected 546 gold pieces.
You spent 52 gold pieces at shops.

Inventory:

Hand Weapons
 c - a +2 dagger of venom
 e - a +4 orcbow
 i - a +3 whip of venom (weapon)
Armour
 a - a +0 robe
 d - the +2 hood of the Assassin (worn) {Detect Stab+ Stlth++}
   (You acquired it on level 6 of the Dungeon)

   Detect:    It allows the wearer to sense nearby creatures.
   Stab+:     It allows the wearer to make particularly effective stabbing
   attacks against helpless or unaware enemies with any weapon.
   Stlth++:   It makes you much more stealthy.
 m - the +1 leather armour of the Forest (worn) {Harm rElec Dex+3}
   (You found it on level 2 of the Dungeon)

   Dex+3:     It affects your dexterity (+3).
   rElec:     It insulates you from electricity.
   Harm:      It increases damage dealt and taken.
 u - an orb of mayhem (worn)
Jewellery
 r - a ring of see invisible (left hand)
 s - a +4 ring of protection (right hand)
 y - an amulet of guardian spirit (around neck)
 z - an amulet of the acrobat
 A - an amulet of faith
Wands
 j - a wand of flame (37)
 t - a wand of roots (5)
 v - a wand of digging (7)
Scrolls
 k - 2 scrolls of revelation
 x - a scroll of teleportation
Potions
 b - a potion of magic
 f - a potion of brilliance
 g - 3 potions of haste
 n - a potion of lignification
 o - a potion of enlightenment
 p - a potion of ambrosia {unknown}
 q - a potion of cancellation {unknown}
Miscellaneous
 w - a phantom mirror


   Skills:
 * Level 7.4 Fighting
 + Level 3.6 Maces & Flails
 + Level 0.2 Ranged Weapons
 + Level 3.1 Armour
 + Level 3.0 Dodging
 + Level 5.7 Stealth
 + Level 7.9 Spellcasting
 * Level 12.2 Necromancy
 + Level 2.2 Air Magic
 + Level 2.5 Alchemy
 + Level 0.3 Evocations


You had 6 spell levels left.
You knew the following spells:

 Your Spells              Type           Power      Damage    Failure   Level
a - Necrotise             Necr           100%       1d9       1%          1
b - Mercury Vapours       Alch/Air       24%        N/A       6%          2
c - Vampiric Draining     Necr           39%        2d8       1%          3
d - Curse of Agony        Necr           39%        N/A       1%          5
e - Animate Dead          Necr           39%        N/A       1%          4
f - Olgreb's Toxic Radia  Alch           12%        N/A       36%         4

Your spell library contained the following spells:

 Spells                   Type           Power      Damage    Failure   Level
 Sting                    Conj/Alch      36%        1d5       6%          1
 Swiftness                Air            11%        N/A       13%         3
 Ensorcelled Hibernation  Hex/Ice        10%        N/A       17%         2
 Lesser Beckoning         Tloc           10%        N/A       17%         2
 Gell's Gravitas          Tloc           5%         N/A       32%         3
 Passwall                 Erth           5%         N/A       32%         3
 Teleport Other           Tloc           5%         N/A       32%         3
 Volatile Blastmotes      Fire/Tloc      10%        2d10      32%         3
 Fulminant Prism          Conj/Alch      4%         3d5       54%         4
 Iskenderun's Mystic Bla  Conj/Tloc      5%         2d3       75%         4
 Passage of Golubria      Tloc           5%         N/A       75%         4
 Silence                  Hex/Air        4%         N/A       90%         5
 Lehudib's Crystal Spear  Conj/Erth      2%         10d2      100%        8


Dungeon Overview and Level Annotations

Branches:
Dungeon (11/15)              Lair (0/5) D:11
 Temple: D:4-7          Orc: D:9-12

Altars:
Fedhas
Gozag
Makhleb
Nemelex Xobeh
Okawaru
Qazlal
Wu Jian
Xom

Shops:
D:2 *   D:6 =   D:11 ?

Annotations:
D:9 2 transporters, Wollwoll's ghost, journeyman FeNe


Innate Abilities, Weirdness & Mutations

You have a pair of antennae on your head.
You are partially covered in sharp spines.
Spells you cast may paralyse adjacent enemies.
You have a tail ending in a sharp stinger.
You are partially covered in large bone plates. (SH +4)
Your spells are a little easier to cast, but a little less powerful.


Message History

The cyclops hits your orc warrior zombie.
Your orc wizard zombie hits the cyclops but does no damage.
Your orc warrior zombie hits the cyclops!
The cyclops is freed from its curse.
The cyclops throws a large rock.
The large rock hits your orc wizard zombie!!!
Your orc wizard zombie is destroyed!
The cyclops barely misses your orc warrior zombie.
Your orc warrior zombie completely misses the cyclops.
Your orc priest zombie hits the cyclops but does no damage.
The cyclops hits your orc warrior zombie!
Your orc warrior zombie hits the cyclops.
Your orc priest zombie hits the cyclops but does no damage.
Your orc warrior zombie hits the cyclops.
Casting: Curse of Agony (dangerous; 1% risk of failure)
Confirm with . or Enter, or press ? or * to list all spells.
Aiming: Vampiric Draining (safe; 1% risk of failure)
Press: ? - help, Shift-Dir - straight line, f/p - cyclops
Aim: a cyclops, quivering large rocks (heavily wounded, ally target)
You draw life force from the cyclops!
You feel life coursing into your body! Malevolent energies surge around you.
The cyclops suddenly stops moving!
The cyclops throws a large rock.
The large rock hits your orc priest zombie!!
Your orc priest zombie is destroyed!
The helpless cyclops fails to defend itself.
You thrash the cyclops!!
You kill the cyclops!
The cyclops flies into a frenzy!
Your magical contamination has completely faded away.
The cyclops hits your orc warrior zombie!
Your orc warrior zombie is destroyed!
You see here 4 large rocks.
The cyclops hits your cyclops zombie but does no damage.
The cyclops hits your cyclops zombie!!
Your cyclops zombie hits the cyclops!
You see here 4 large rocks.
The cyclops hits you!!
You hit the cyclops.
The cyclops is poisoned.
The cyclops is moderately wounded.
The cyclops hits you!!!
Ouch! That really hurt!
You die...

.................#..
.#.......
...#............#
..... ..........#....#
.... ... ###... # ....
....#..#.# . . ###.
.........# .##.. #.
..#..#...###.....
#.............#
##..@(..$...#
#..CZ.......# .
#.....####..####. ...
..#.....# ##...#.. ...
........# #..#... ##.
....#...###..#..# #.
....#....##Z.##..# #.
...........Z.##.##
###.#
...#######Z.#ZZ.###..#


You could see a neutral cyclops (fast, strong, frenzied, very poisoned, ally
target) and a friendly cyclops zombie.

Vanquished Creatures
  3 two-headed ogres
  Sonja (D:10)
  3 cyclopes (D:11)
  Jeremiah (D:9)
  2 komodo dragons
  A troll (D:9)
  2 wraiths (D:9)
  6 yaks (D:8)
  3 steam dragons
  Duvessa (D:6)
  3 water moccasins (D:7)
  An ice beast (D:6)
  2 orc warriors
  2 black bears
  2 boggarts (D:9)
  2 wolves (D:11)
  5 centaurs
  A kobold brigand (D:7)
  Blork the orc (D:6)
  3 bullfrogs
  2 gnoll sergeants
  A scorpion (D:7)
  Dowan (D:6)
  3 killer bees (D:9)
  5 howler monkeys
  2 bombardier beetles (D:6)
  6 orc priests
  A hound (D:6)
  8 iguanas
  7 orc wizards
  A mummy (D:6)
  6 gnolls
  10 adders
  2 shadow imps (D:6)
  A white imp (D:8)
  2 ribbon worms (D:2)
  17 orcs
  5 bats
  3 endoplasms
  2 giant cockroaches
  4 goblins
  4 hobgoblins
  5 jackals
  2 quokkas
  A ball python (D:1)
  5 frilled lizards
  A goblin zombie (D:6)
  A hobgoblin zombie (D:6)
  9 kobolds
  4 rats
166 creatures vanquished.

Vanquished Creatures (collateral kills)
  A two-headed ogre (D:9)
  A shadow (D:10)
  A two-headed ogre zombie (D:10)
  2 killer bees (D:9)
  An orc priest (D:9)
  2 orc wizards (D:11)
  2 gnolls (D:10)
  2 orcs
  An endoplasm (D:3)
  4 gnoll zombies (D:10)
  4 orc zombies
21 creatures vanquished.

Vanquished Creatures (others)
  A wolf zombie (D:11)
  A centaur zombie (D:10)
  A killer bee zombie (D:9)
  2 howler monkey zombies (D:10)
  A gnoll zombie (D:10)
  5 orc zombies
11 creatures vanquished.

Grand Total: 198 creatures vanquished

Notes
Turn   | Place    | Note
-------+----------+-------------------------------------------
     0 | D:1      | PriceMaster the Demonspawn Necromancer began the quest for
                  | the Orb.
     0 | D:1      | Reached XP level 1. HP: 13/13 MP: 3/3
   262 | D:1      | Gained mutation: Spells you cast may paralyse adjacent
                  | enemies. [demonic ancestry]
   262 | D:1      | Reached XP level 2. HP: 19/19 MP: 5/5
   472 | D:1      | Learned a level 2 spell: Mercury Vapours
   610 | D:2      | Reached skill level 5 in Necromancy
   631 | D:2      | Discovered your monstrous ancestry.
   631 | D:2      | Gained mutation: You have a pair of small antennae on your
                  | head. [demonic ancestry]
   631 | D:2      | Reached XP level 3. HP: 24/24 MP: 1/6
   724 | D:2      | Found Cuzu's General Store.
   735 | D:2      | Reached skill level 1 in Fighting
   820 | D:2      | Learned a level 3 spell: Vampiric Draining
  1131 | D:2      | Identified the +1 leather armour of the Forest {Harm rElec
                  | Dex+3}
  1603 | D:3      | Found a stormy altar of Qazlal.
  1643 | D:3      | Found an opulent altar of Gozag.
  1704 | D:3      | Reached XP level 4. HP: 32/32 MP: 3/7
  1741 | D:3      | Found a shimmering altar of Xom.
  2705 | D:4      | You fall into a shaft and drop 2 floors!
  2749 | D:6      | Noticed a black bear
  2755 | D:6      | Killed a black bear
  2756 | D:6      | Gained mutation: You have a small tail. [demonic ancestry]
  2756 | D:6      | Reached XP level 5. HP: 38/38 MP: 4/8
  2797 | D:6      | Reached skill level 1 in Armour
  2797 | D:6      | Reached skill level 6 in Necromancy
  2888 | D:6      | Noticed a centaur
  2897 | D:6      | Killed a centaur
  2898 | D:6      | Reached skill level 1 in Maces & Flails
  2898 | D:6      | Gained mutation: You have a tail ending in a sharp stinger.
                  | [demonic ancestry]
  2898 | D:6      | Reached XP level 6. HP: 29/44 MP: 1/10
  3039 | D:6      | Noticed an ice beast
  3057 | D:6      | Killed an ice beast
  3071 | D:6      | Reached XP level 7. HP: 18/51 MP: 1/11
  3217 | D:6      | Identified a scroll of acquirement
  3217 | D:6      | Acquired the +2 hood of the Assassin {Detect Stab+ Stlth++}
  3217 | D:6      | Found the +2 hood of the Assassin {Detect Stab+ Stlth++}
  3296 | D:6      | Noticed Dowan
  3296 | D:6      | Noticed Duvessa
  3308 | D:6      | Killed Duvessa
  3309 | D:6      | Killed Dowan
  3412 | D:6      | Noticed Blork the orc
  3420 | D:6      | Killed Blork the orc
  3421 | D:6      | Reached skill level 7 in Necromancy
  3421 | D:6      | Reached skill level 1 in Alchemy
  3494 | D:6      | Found a sparkling altar of Nemelex Xobeh.
  3754 | D:6      | Found Quatwiybb's Jewellery Shoppe.
  4059 | D:7      | Gained mutation: You have a pair of antennae on your head.
                  | [demonic ancestry]
  4059 | D:7      | Reached XP level 8. HP: 58/58 MP: 6/13
  4738 | D:7      | Reached skill level 1 in Air Magic
  5151 | D:7      | Reached skill level 8 in Necromancy
  5673 | D:7      | Noticed a komodo dragon
  5695 | D:7      | Killed a komodo dragon
  5696 | D:7      | Reached skill level 5 in Spellcasting
  5696 | D:7      | Reached XP level 9. HP: 57/66 MP: 0/16
  6257 | D:8      | Reached skill level 9 in Necromancy
  6261 | D:8      | Reached skill level 5 in Fighting
  6543 | D:8      | Found a blossoming altar of Fedhas.
  6879 | D:8      | Learned a level 5 spell: Curse of Agony
  7127 | D:8      | Reached skill level 5 in Stealth
  7489 | D:8      | Found an ornate altar of the Wu Jian Council.
  7619 | D:8      | Learned a level 4 spell: Animate Dead
  7660 | D:9      | Noticed Jeremiah
  7680 | D:9      | Noticed a two-headed ogre
  7686 | D:9      | Killed Jeremiah
  7687 | D:9      | Reached XP level 10. HP: 46/71 MP: 6/19
  7690 | D:9      | Killed a two-headed ogre
  7691 | D:9      | Reached skill level 10 in Necromancy
  7959 | D:9      | Noticed a two-headed ogre
  7959 | D:9      | Noticed a two-headed ogre
  7966 | D:9      | Killed a two-headed ogre
  7971 | D:9      | Killed a two-headed ogre
  8274 | D:9      | Found a burning altar of Makhleb.
  8338 | D:9      | Reached skill level 11 in Necromancy
  8407 | D:9      | Found a transporter.
  8411 | D:9      | Found a transporter.
  8412 | D:9      | Noticed Wollwoll's ghost (journeyman FeNe)
  8413 | D:9      | Noticed a two-headed ogre
  8413 | D:9      | Noticed a two-headed ogre
  8413 | D:9      | Identified the +6 great mace of Putrescence {freeze, rC+
                  | Str+6 Dex-4}
  8413 | D:9      | Noticed a two-headed ogre
  9186 | D:10     | Entered Level 10 of the Dungeon
  9244 | D:10     | Noticed Sonja
  9252 | D:10     | Killed Sonja
  9534 | D:10     | Found an iron altar of Okawaru.
 10390 | D:10     | Gained mutation: You are partially covered in sharp spines.
                  | [demonic ancestry]
 10390 | D:10     | Reached XP level 11. HP: 68/84 MP: 18/22
 10685 | D:10     | Noticed a two-headed ogre
 10699 | D:10     | Killed a two-headed ogre
 10859 | D:10     | Learned a level 4 spell: Olgreb's Toxic Radiance
 10891 | D:11     | Found a staircase to the Lair.
 10901 | D:11     | Reached skill level 12 in Necromancy
 11650 | D:11     | Found Ryphafod's Magic Scroll Shop.
 11655 | D:11     | Bought a scroll of identify for 26 gold pieces
 11655 | D:11     | Bought a scroll of identify for 26 gold pieces
 11659 | D:11     | Gained mutation: You are partially covered in large bone
                  | plates. (SH +4) [potion of mutation]
 11659 | D:11     | Gained mutation: Your spells are a little easier to cast,
                  | but a little less powerful. [potion of mutation]
 11689 | D:11     | Slain by a cyclops

Illustrated notes

Levels and vault maps discovered:
D:1:      scummos_arrival_checkerplants, layout_rooms
D:2:      layout_loops_ring, serial_shops, nicolae_shop_tiny_real_fake_doors
D:3:      layout_loops_ring, grunt_gozag_statues, mainiacjoe_overflow_paths,
          grunt_qazlal_sundering, roderic_lattice_a
D:4:      layout_basic, minitemple, temple_doors_ab
D:6:      layout_loops_ring, nemelex_diamond_rough_becter,
          nicolae_ossuary_entry_giza, serial_shops, shop,
          hangedman_decor_lopped, minmay_puff, uniq_duvessa, uniq_blork_the_orc
D:7:      layout_basic, mainiacjoe_overflow_concentric_impassable,
          minmay_lizard_king
D:8:      layout_loops_corners, lemuel_doored_altar,
          nicolae_wu_jian_immortal_techniques, dk_noncrumbling_4
D:9:      layout_irregular_city, overflow_temple_1_default,
          gammafunk_ghost_smash, nicolae_phantomly_mirrored, uniq_jeremiah
D:10:     layout_roguey, mainiacjoe_overflow_24_doors, uniq_sonja
D:11:     layout_layer_cave, erik_lair_orcish_takeover, david_orc_2,
          serial_shops, shop

Skill      XL: |  1  2  3  4  5  6  7  8  9 10 11 |
---------------+----------------------------------+-----
Necromancy     | 5 6 7 8 9 11 12 | 12.2
Dodging        | 2 3 |  3.0
Fighting       | 1 2 3 4 5 7 |  7.4
Stealth        | 2 3 4 5 |  5.7
Armour         | 1 2 3 |  3.1
Maces & Flails | 1 3 |  3.6
Spellcasting   | 3 5 6 7 |  7.9
Alchemy        | 1 2 |  2.5
Air Magic      | 1 2 |  2.2
Ranged Weapons | |  0.2
Evocations     | |  0.3

Action                     |  1- 3 |  4- 6 |  7- 9 | 10-12 || total
---------------------------+-------+-------+-------+-------++-------
  Melee: Dagger            |    24 |       |       |       ||    24
         Whip              |    25 |    50 |   105 |    61 ||   241
         Punch             |     1 |       |     4 |       ||     5
         Tailslap          |       |     4 |    17 |    10 ||    31
         Orcbow            |       |     1 |       |       ||     1
   Fire: Orcbow            |       |     2 |       |       ||     2
   Cast: Necrotise         |    34 |    20 |    74 |    33 ||   161
         Vampiric Draining |     3 |     5 |    23 |    15 ||    46
         Mercury Vapours   |     2 |     6 |    16 |    10 ||    34
         Curse of Agony    |       |       |     4 |    15 ||    19
         Animate Dead      |       |       |     1 |     9 ||    10
         Olgreb's Toxic Ra |       |       |       |     4 ||     4
  Evoke: Wand              |       |       |       |     5 ||     5
         Phantom mirror    |       |       |       |     1 ||     1
    Use: Scroll            |     5 |     2 |     3 |     5 ||    15
         Potion            |       |     4 |     3 |     3 ||    10
   Stab: Paralysed         |     3 |    11 |    16 |    10 ||    40
         Sleeping          |       |     2 |    10 |       ||    12
         Distracted        |       |     1 |       |       ||     1
 Armour: Robe              |    21 |       |       |       ||    21
         Leather armour    |     5 |    73 |    92 |    77 ||   247
  Dodge: Dodged            |    37 |    41 |    60 |    70 ||   208
